 Dungeon Crawl Stone Soup version 0.20-a0-259-gc929cd2 (webtiles) character file.

13031 nubinia the Thaumaturge (level 11, -4/82 HPs)
             Began as a Deep Elf Fire Elementalist on Dec 1, 2016.
             Was an Elder of Sif Muna.
             Slain by a killer bee (5 damage)
             ... on level 1 of the Lair of Beasts on Dec 2, 2016.
             The game lasted 01:13:54 (12592 turns).

nubinia the Thaumaturge (DEFE)                     Turns: 12592, Time: 01:13:56

Health: -4/82      AC: 25    Str:  5    XL:     11   Next: 70%
Magic:  24/30      EV:  2    Int: 23    God:    Sif Muna [****..]
Gold:   598        SH:  0    Dex: 16    Spells: 6/37 levels left

rFire  x . .     SeeInvis .     B - +1 rapier
rCold  + + .     Gourm    .     (armour currently unavailable)
rNeg   + + +     Faith    .     (no shield)
rPois  +         Spirit   .     (helmet currently unavailable)
rElec  .         Reflect  .     (cloak currently unavailable)
rCorr  .         Harm     .     (gloves currently unavailable)
MR     +....     NoTele   +     (boots currently unavailable)
Stlth  +++.......               (no amulet)
                                R - ring of ice
                                Y - ring of protection from cold

@: tree-form, divine energy
A: no striking features
a: Stop Divine Energy, Channel Magic, Forget Spell, Renounce Religion


You were on level 1 of the Lair of Beasts.
You worshipped Sif Muna.
Sif Muna was greatly pleased with you.
You were very hungry.
You were a tree.
You visited 3 branches of the dungeon, and saw 10 of its levels.
You also visited: Sewer and Ice Cave.

You collected 598 gold pieces.

Inventory:

Hand Weapons
 B - a +1 rapier (weapon)
 H - a +0 blowgun
 U - a +0 longbow of freezing
 X - a +3 dagger
Missiles
 I - 36 poisoned needles
Armour
 g - a +0 pair of gloves (melded)
 n - a +0 helmet (melded)
 t - a +0 cloak (melded)
 N - a +2 animal skin of cold resistance (melded)
 O - a +1 pair of boots (melded)
 V - a +2 robe of positive energy
Magical Staves
 P - an uncursed staff of conjuration {unknown}
Jewellery
 j - an uncursed ring of fire
 q - an uncursed ring of protection from fire
 w - an uncursed ring of flight
 J - a +3 ring of strength
 R - a ring of ice (right branch)
 Y - a ring of protection from cold (left branch)
 Z - an uncursed ring of wizardry
Wands
 f - a wand of iceblast (6/15)
 v - a wand of slowing (16/48)
 y - a wand of polymorph (13/24)
 A - a wand of slowing (16/48)
 G - a wand of confusion (31/48)
 Q - a wand of paralysis (10/24)
 S - a wand of iceblast (11/15)
 W - a wand of random effects (27/48)
Scrolls
 e - 2 scrolls of recharging
 i - a scroll of remove curse
 z - 3 scrolls of magic mapping
 M - 2 scrolls of enchant weapon
 T - a scroll of teleportation
Potions
 d - a potion of curing
 h - 2 potions of heal wounds {unknown}
 k - 3 potions of lignification
 l - 6 potions of magic
 m - 3 potions of ambrosia {unknown}
 o - 2 potions of invisibility {unknown}
 p - 3 potions of might {unknown}
 r - 6 potions of flight
 s - a potion of beneficial mutation
 D - 2 potions of haste {unknown}
 E - a potion of brilliance
Books
 a - Sif Muna's Collected Works on Arcane Weapons and the Blaze
   (Sif Muna gifted it to you in an ice cave)

   Spells                             Type                      Level
   a - Static Discharge               Conjuration/Air              3
   b - Venom Bolt                     Conjuration/Poison           5
   c - Bolt of Draining               Conjuration/Necromancy       5
   d - Delayed Fireball               Conjuration/Fire             7
   e - Chain Lightning                Conjuration/Air              8
   f - Glaciate                       Conjuration/Ice              9
 K - a book of Ice

   Spells                             Type                      Level
   a - Ice Form                       Ice/Transmutation            4
   b - Metabolic Englaciation         Hexes/Ice                    5
   c - Ozocubu's Refrigeration        Ice                          6
   d - Bolt of Cold                   Conjuration/Ice              6
   e - Freezing Cloud                 Conjuration/Ice/Air          6
   f - Simulacrum                     Ice/Necromancy               6
Comestibles
 c - 7 bread rations
 u - 3 beef jerkies
 x - 3 fruits
 C - 4 meat rations
 L - a royal jelly


   Skills:
 + Level 0.7 Fighting
 + Level 1.0 Short Blades
 + Level 3.7 Dodging
 + Level 4.7 Stealth
 * Level 13.8 Spellcasting
 * Level 9.7 Conjurations
 + Level 7.0 Charms
 + Level 6.6 Necromancy
 + Level 10.1 Fire Magic
 * Level 4.0 Invocations


You had 6 spell levels left.
You knew the following spells:

 Your Spells              Type           Power        Failure   Level  Hunger
a - Flame Tongue          Conj/Fire      #####        1%          1    None
b - Throw Flame           Conj/Fire      ######       1%          2    None
c - Conjure Flame         Conj/Fire      ######..     1%          3    None
d - Sticky Flame          Conj/Fire      ######..     1%          4    None
e - Iskenderun's Mystic   Conj           ######..     1%          4    None
f - Magic Dart            Conj           ####         1%          1    None
g - Fireball              Conj/Fire      ######....   1%          5    ###....
h - Bolt of Draining      Conj/Necr      ######....   4%          5    ###....
i - Iskenderun's Battles  Conj/Chrm      ######..     4%          5    ###....
S - Animate Skeleton      Necr           N/A          1%          1    None


Dungeon Overview and Level Annotations

Branches:
Dungeon (8/15)             Temple (1/1) D:5            Lair (1/6) D:8

Altars:
Ashenzari
Elyvilon
Fedhas
Gozag
Kikubaaqudgha
Makhleb
Okawaru
Qazlal
Ru
Sif Muna
Vehumet
Yredelemnul
Zin
The Shining One


Message History

The killer bee closely misses you.
You feel better.
The killer bee burns!
You kill the killer bee!
Sif Muna accepts your kill. The killer bee closely misses you.
The killer bee stings you!
* * * LOW HITPOINT WARNING * * *
The killer bee misses you.
Okay, then.
Okay, then.
Casting: Sticky Flame
Confirm with . or Enter, or press ? or * to list all spells.
Okay, then.
It was a potion of lignification.
You turn into a tree.
Your +0 cloak melds into your body.
Your +0 helmet melds into your body.
Your +0 pair of gloves melds into your body.
Your +1 pair of boots melds into your body.
Your +2 animal skin of cold resistance melds into your body.
You feel less resistant to cold.
Your roots penetrate the ground.
The killer bee stings you.
You die...

##..# #..## ### ##
#.#.###.####.# ### ###
......§.....########P######.#
.....!......'.#>...........##
............#.....(........#
#####†...y..#.y............##
###
#†......###yy...........###.#
#†......# #.♣................
#†......# #.####.#.###.#b....
#†#+#.### ### ##### ###.....
%.y..†..### #..... #######.#
#..... .#+##.##### #...P.
..........# #.....
.........## ##....
........%.# #..P..


You could see a queen bee and 2 killer bees.

Vanquished Creatures
  A frost giant (IceCv)
  2 death yaks (IceCv)
  A hill giant (D:7)
  3 spiny frogs (Lair:1)
  A hornet (D:8)
  8 polar bears (IceCv)
  4 hippogriffs
  9 yaks (IceCv)
  3 wargs (D:8)
  3 sky beasts (D:6)
  A porcupine (Lair:1)
  An ice beast (D:8)
  3 orc warriors
  7 wolves (IceCv)
  2 ogres
  2 centaurs
  2 big kobolds (Sewer)
  4 bullfrogs
  A scorpion (D:7)
  21 killer bees
  4 electric eels (D:7)
  A howler monkey (D:8)
  A crimson imp (D:8)
  4 hounds
  4 orc priests
  A jelly (D:8)
  10 orc wizards
  2 iguanas
  Ijyb (D:2)
  Natasha (thrice) (D:3)
  6 worker ants
  A hound zombie (D:7)
  4 gnolls (D:3)
  A howler monkey skeleton (D:5)
  3 worker ant zombies
  15 adders
  A river rat (Sewer)
  A shadow imp (D:6)
  3 adder skeletons
  5 worms
  9 dart slugs
  6 leopard geckos
  33 orcs
  5 giant cockroaches
  16 goblins
  6 hobgoblins
  7 jackals
  3 quokkas
  6 ball pythons
  10 bats
  3 frilled lizards
  16 kobolds
  A quokka skeleton (D:7)
  10 rats
  A butterfly (Lair:1)
282 creatures vanquished.

Vanquished Creatures (collateral kills)
  An ice statue (IceCv)
  A rime drake (IceCv)
  3 polar bears (IceCv)
  3 yaks (IceCv)
  3 wolves (IceCv)
  A bullfrog (Lair:1)
  A scorpion (Lair:1)
  An orc (D:8)
14 creatures vanquished.

Vanquished Creatures (others)
  2 polar bears (IceCv)
  A yak (IceCv)
  4 wolves (IceCv)
7 creatures vanquished.

Grand Total: 303 creatures vanquished

Notes
Turn   | Place    | Note
-------+----------+-------------------------------------------
     0 | D:1      | nubinia the Deep Elf Fire Elementalist began the quest for the Orb.
     0 | D:1      | Reached XP level 1. HP: 10/10 MP: 6/6
   203 | D:1      | Reached XP level 2. HP: 15/15 MP: 5/8
   233 | D:1      | Learned a level 2 spell: Throw Flame
   947 | D:2      | Reached XP level 3. HP: 19/19 MP: 6/9
   952 | D:2      | Learned a level 3 spell: Conjure Flame
  1182 | D:2      | Noticed Ijyb
  1237 | D:2      | Killed Ijyb
  1407 | D:2      | Reached XP level 4. HP: 24/24 MP: 11/11
  1778 | D:2      | Reached skill level 4 in Spellcasting
  2255 | D:2      | Found a deep blue altar of Sif Muna.
  2265 | D:2      | Became a worshipper of Sif Muna the Loreminder
  2463 | D:3      | Reached XP level 5. HP: 24/28 MP: 7/13
  2508 | D:3      | Learned a level 4 spell: Sticky Flame
  3003 | D:3      | Reached skill level 5 in Fire Magic
  3041 | D:3      | Reached skill level 5 in Spellcasting
  3242 | D:3      | Noticed Natasha
  3249 | D:3      | Killed Natasha
  3249 | D:3      | Reached XP level 6. HP: 31/32 MP: 5/15
  3346 | D:3      | Noticed Natasha
  3349 | D:3      | Killed Natasha
  3349 | D:3      | Reached * piety under Sif Muna
  3509 | D:3      | Noticed Natasha
  3512 | D:3      | Killed Natasha
  3918 | D:4      | Found a white marble altar of Elyvilon.
  4025 | D:5      | Entered Level 5 of the Dungeon
  4068 | D:5      | Found a staircase to the Ecumenical Temple.
  4176 | D:5      | Found a glowing drain.
  4318 | Sewer    | Entered a sewer
  4323 | Sewer    | Reached skill level 6 in Spellcasting
  4323 | Sewer    | Reached XP level 7. HP: 35/36 MP: 13/18
  4912 | D:5      | Found a shattered altar of Ashenzari.
  5262 | D:5      | Reached ** piety under Sif Muna
  5262 | D:5      | Reached skill level 7 in Spellcasting
  5664 | D:5      | Found a basalt altar of Yredelemnul.
  5718 | D:5      | Found a glowing golden altar of the Shining One.
  5793 | D:5      | Noticed an angel
  5898 | Temple   | Entered the Ecumenical Temple
  6090 | D:6      | Reached skill level 5 in Conjurations
  6091 | D:6      | Reached XP level 8. HP: 41/41 MP: 6/21
  6373 | D:6      | Reached skill level 8 in Spellcasting
  6951 | D:6      | Reached *** piety under Sif Muna
  7025 | D:6      | Learned a level 5 spell: Iskenderun's Battlesphere
  7148 | D:6      | Reached skill level 1 in Charms
  7386 | D:7      | Noticed a hippogriff
  7389 | D:7      | Noticed a hill giant
  7397 | D:6      | Killed a hippogriff
  7695 | D:7      | Reached skill level 5 in Charms
  7699 | D:7      | Reached XP level 9. HP: 43/46 MP: 15/23
  7967 | D:7      | Killed a hill giant
  7967 | D:7      | Reached skill level 9 in Spellcasting
  8081 | D:7      | Reached **** piety under Sif Muna
  8696 | D:8      | Reached skill level 10 in Spellcasting
  9240 | D:8      | Learned a level 1 spell: Animate Skeleton
  9245 | D:8      | Learned a level 4 spell: Iskenderun's Mystic Blast
  9636 | D:8      | Reached XP level 10. HP: 51/51 MP: 13/26
  9883 | D:8      | Found a staircase to the Lair.
  9961 | D:8      | Upgraded the game from 0.20-a0-256-gabb291d to 0.20-a0-259-gc929cd2
 10325 | Lair:1   | Entered Level 1 of the Lair of Beasts
 10325 | Lair:1   | Noticed a spiny frog
 10332 | Lair:1   | Killed a spiny frog
 10332 | Lair:1   | Reached skill level 11 in Spellcasting
 10449 | Lair:1   | Noticed a spiny frog
 10452 | Lair:1   | Killed a spiny frog
 10485 | Lair:1   | Noticed a spiny frog
 10488 | Lair:1   | Killed a spiny frog
 10511 | Lair:1   | Found a frozen archway.
 10529 | Lair:1   | Learned a level 1 spell: Magic Dart
 10535 | Lair:1   | Learned a level 5 spell: Fireball
 10547 | IceCv    | Entered an ice cave
 10577 | IceCv    | Reached ***** piety under Sif Muna
 10577 | IceCv    | Identified Sif Muna's Collected Works on Arcane Weapons and the Blaze (Sif Muna gifted it to you in an ice cave)
 10577 | IceCv    | Received a gift from Sif Muna
 10595 | IceCv    | Learned a level 5 spell: Bolt of Draining
 10674 | IceCv    | Noticed an ice statue
 10688 | IceCv    | Killed an ice statue
 10932 | IceCv    | Reached skill level 5 in Necromancy
 10984 | IceCv    | Reached skill level 12 in Spellcasting
 11140 | IceCv    | Reached skill level 1 in Invocations
 11212 | IceCv    | Noticed a death yak
 11217 | IceCv    | Reached XP level 11. HP: 55/55 MP: 25/29
 11221 | IceCv    | Killed a death yak
 11346 | IceCv    | Reached skill level 10 in Fire Magic
 11408 | IceCv    | Noticed a death yak
 11408 | IceCv    | Noticed a frost giant
 11425 | IceCv    | Killed a death yak
 11425 | IceCv    | Reached skill level 13 in Spellcasting
 11467 | IceCv    | Killed a frost giant
 11467 | IceCv    | Reached skill level 1 in Short Blades
 12591 | Lair:1   | HP: 1/55 [killer bee (8)]
 12592 | Lair:1   | Slain by a killer bee

Vault maps used:
D:1:      nicolae_arrival_memento_mori, minmay_liquid_box, serial_bayou_pond_b,
          serial_bayou_lagoon_b
D:2:      kennysheep_goblin_castle, led_sif_pool
D:3:      first_bread, minmay_vboxes, uniq_natasha
D:4:      old_forge, elyvilon_altar_3, nemelex_xobeh_ov_fountains_minmay
D:5:      ashenzari_conservatory_becter, grunt_temple_overflow_holy_war,
          gup_sewer_entry_bubbles, enter_ossuary_2
D:6:      minivault_27, kennysheep_nondescript
D:7:      kennysheep_slugbush
D:8:      erik_lair_orcish_takeover, kennysheep_generic_room_4
Temple:   nicolae_temple_god_jail
Lair:1:   portal_ice_cave_entry_pillars_1, special_room, serial_bayou_pond_b,
          st_stairs_11, lemuel_fruit_fields, infiniplex_staircase_pool_2
Sewer:    sewer_co_15_rooms
IceCv:    ice_cave_caverns_03

Skill      XL: |  1  2  3  4  5  6  7  8  9 10 11 |
---------------+----------------------------------+-----
Stealth        | 3 4 |  4.7
Fire Magic     | 4 5 6 7 9 10 | 10.1
Spellcasting   | 4 5 6 7 8 10 12 13 | 13.8
Conjurations   | 2 3 5 6 7 8 9 |  9.7
Dodging        | 3 |  3.7
Charms         | 5 6 7 |  7.0
Necromancy     | 5 6 |  6.6
Invocations    | 1 4 |  4.0
Short Blades   | 1 |  1.0
Fighting       | |  0.7

Action                   |  1- 3 |  4- 6 |  7- 9 | 10-12 || total
-------------------------+-------+-------+-------+-------++-------
Melee: Dagger            |    12 |    13 |     4 |    14 ||    43
       Rapier            |       |     6 |    17 |    14 ||    37
 Cast: Flame Tongue      |    40 |    96 |   105 |    90 ||   331
       Throw Flame       |     8 |    49 |   114 |    34 ||   205
       Conjure Flame     |       |       |     6 |     7 ||    13
       Sticky Flame      |       |       |     9 |    10 ||    19
       Iskenderun's Batt |       |       |     8 |    31 ||    39
       Animate Skeleton  |       |       |       |    30 ||    30
       Fireball          |       |       |       |     2 ||     2
       Bolt of Draining  |       |       |       |    11 ||    11
Invok: Divine Energy     |       |     1 |       |       ||     1
       Channel Magic     |       |       |       |     3 ||     3
Evoke: Wand              |       |       |       |     1 ||     1
  Use: Scroll            |       |     4 |     7 |     4 ||    15
       Potion            |       |       |     2 |     2 ||     4
 Stab: Sleeping          |     4 |     4 |     1 |     1 ||    10
       Distracted        |       |       |       |     1 ||     1
  Eat: Chunk             |     2 |     9 |    16 |    12 ||    39
       Royal jelly       |       |       |     1 |       ||     1
       Pizza             |       |       |       |     1 ||     1
Armor: Robe              |     1 |    11 |    10 |     8 ||    30
       Animal skin       |       |       |       |     6 ||     6
Dodge: Dodged            |    13 |    24 |    39 |    59 ||   135
